 Dungeon Crawl Stone Soup version 0.29.1-1-gd02db6906a (webtiles) character file.

Game seed: 3904552053548793263

546 smilodon the Shield-Bearer (level 7, -3/105 HPs)
             Began as a Troll Fighter on Sept 16, 2022.
             Slain by Duvessa
             ... wielding a +0 short sword
              (18 damage)
             ... on level 5 of the Dungeon.
             The game lasted 00:06:48 (2983 turns).

smilodon the Shield-Bearer (Troll Fighter)          Turns: 2983, Time: 00:06:49

Health: -3/105     AC:  5    Str: 27    XL:     7   Next: 6%
Magic:  0/6        EV:  9    Int:  4    God:
Gold:   309        SH:  8    Dex:  9    Spells: 6/6 levels left

rFire   . . .      SeeInvis +     - Unarmed
rCold   . . .      Faith    .   b - +0 kite shield
rNeg    . . .      Spirit   +   a - +1 robe
rPois   .          Reflect  .   (helmet restricted)
rElec   .          Harm     .   (no cloak)
rCorr   .          Rampage  .   (gloves unavailable)
Will    .....                   (boots unavailable)
Stlth   ..........              s - amulet of guardian spirit
HPRegen 1.07/turn               h - ring of see invisible
MPRegen 0.10/turn               (no ring)

@: berserking, very quick
A: large, unfitting armour, claws 3, regeneration 1, shaggy fur 1, tough skin 1
a: no special abilities


You were on level 5 of the Dungeon.
You visited 1 branch of the dungeon, and saw 5 of its levels.

You collected 309 gold pieces.

Inventory:

Missiles
 l - 4 datura-tipped darts (quivered)
 q - 3 poisoned darts
Armour
 a - a +1 robe (worn)
 b - a +0 kite shield (worn)
Magical Staves
 r - a staff of air
Jewellery
 h - a ring of see invisible (left claw)
 s - an amulet of guardian spirit (around neck)
Wands
 j - a wand of charming (2)
Scrolls
 g - a scroll of enchant armour
 k - a scroll of magic mapping
 t - a scroll of identify
Potions
 c - a potion of might
 d - 2 potions of mutation
 m - 3 potions of flight
 o - a potion of brilliance
 p - a potion of degeneration {unknown}


   Skills:
 + Level 4.0 Fighting
 + Level 3.9 Dodging
 + Level 4.3 Shields
 + Level 4.1 Unarmed Combat


You had 6 spell levels left.
You didn't know any spells.
Your spell library contained the following spells:

 Spells                   Type           Power      Damage    Failure   Level
 Blink                    Tloc           0%         N/A       89%         2
 Ensorcelled Hibernation  Hex/Ice        0%         N/A       89%         2
 Passwall                 Tmut/Erth      0%         N/A       89%         2
 Portal Projectile        Hex/Tloc       0%         N/A       98%         3
 Swiftness                Air            0%         N/A       98%         3
 Tukima's Dance           Hex            0%         N/A       98%         3
 Blade Hands              Tmut           0%         N/A       100%        5
 Manifold Assault         Tloc           0%         N/A       100%        5
 Storm Form               Tmut/Air       0%         N/A       100%        7


Dungeon Overview and Level Annotations

Branches:
Dungeon (5/15)
 Temple: D:4-7

Altars:
Cheibriados
Dithmenos
Fedhas
Okawaru
Wu Jian

Annotations:
D:5 Duvessa


Innate Abilities, Weirdness & Mutations

You are too large for most types of armour.
You have claws for hands.
Your natural rate of healing is unusually fast.
You are covered in fur. (AC +1)
You have tough skin. (AC +1)


Message History

Duvessa rages.
Duvessa hits you with a +0 short sword!
* * * LOW HITPOINT WARNING * * *
You feel better. Duvessa closely misses you.
You feel better. Duvessa hits you with a +0 short sword.
* * * LOW HITPOINT WARNING * * *
Duvessa barely misses you.
You feel better. Duvessa barely misses you.
You feel better. You block Duvessa's attack.
Duvessa hits you but does no damage.
You scratch Duvessa.
Duvessa is moderately wounded.
You block Duvessa's attack.
You scratch Duvessa.
Duvessa is moderately wounded.
You block Duvessa's attack. Duvessa hits you with a +0 short sword.
You claw Duvessa!
Duvessa is heavily wounded.
You block Duvessa's attack.
You closely miss Duvessa.
Duvessa is heavily wounded.
You block Duvessa's attack. Duvessa hits you with a +0 short sword.
You claw Duvessa!
Duvessa is severely wounded.
Duvessa hits you with a +0 short sword! You block Duvessa's attack.
You closely miss Duvessa.
Duvessa is severely wounded.
You block Duvessa's attack.
You scratch Duvessa.
Duvessa is severely wounded.
Duvessa hits you with a +0 short sword. Duvessa hits you with a +0 short sword!
* * * LOW HITPOINT WARNING * * *
You scratch Duvessa but do no damage.
Duvessa is severely wounded.
Duvessa hits you with a +0 short sword!
* * * LOW HITPOINT WARNING * * *
A red film seems to cover your vision as you go berserk!
You feel yourself moving faster!
You feel mighty!
Duvessa hits you with a +0 short sword!!
You die...

#.####.#.##...8#..#8........#
#.####.#.##.####''####...##.#
#.##......#.#⌠.#.[#.⌠#...# #
#.##.#.##...#..#..#..#..###.#
#.##.#.####.#._#..#_.#.##..#
#......# #.#..#..#..#.....#
####.#.## #.##......##....P#
##....###.e########..#...+
#......##..@.........##.P#
#.......########..##.# ..#
#......## ##. .... .#
###<..## ## #.##### ##.## #.#
#... #.# ##### .#


You could see Duvessa (berserk).

Vanquished Creatures
  A black bear (D:4)
  A necrophage (D:5)
  Dowan (D:5)
  A howler monkey (D:5)
  A hound (D:4)
  3 iguanas
  4 adders
  A worm (D:2)
  8 dart slugs
  An orc (D:4)
  6 ball pythons
  3 endoplasms
  5 giant cockroaches
  7 goblins
  9 hobgoblins
  3 jackals
  7 kobolds
  4 quokkas
  12 bats
  7 frilled lizards
  11 rats
96 creatures vanquished.

Vanquished Creatures (collateral kills)
  A scorpion (D:5)
1 creature vanquished.

Grand Total: 97 creatures vanquished

Notes
Turn   | Place    | Note
-------+----------+-------------------------------------------
     0 | D:1      | smilodon the Troll Fighter began the quest for the Orb.
     0 | D:1      | Reached XP level 1. HP: 22/22 MP: 0/0
   173 | D:1      | Reached XP level 2. HP: 29/29 MP: 1/1
   388 | D:1      | Found a faded altar of an unknown god.
   567 | D:1      | Reached XP level 3. HP: 36/36 MP: 2/2
  1010 | D:2      | Reached XP level 4. HP: 42/45 MP: 3/3
  1503 | D:3      | Found an ornate altar of the Wu Jian Council.
  2054 | D:4      | Found an iron altar of Okawaru.
  2083 | D:4      | Found a blossoming altar of Fedhas.
  2093 | D:4      | Reached XP level 5. HP: 46/53 MP: 4/4
  2292 | D:4      | Noticed a black bear
  2325 | D:4      | Killed a black bear
  2326 | D:4      | Reached XP level 6. HP: 49/61 MP: 5/5
  2668 | D:5      | Entered Level 5 of the Dungeon
  2706 | D:5      | Found a large runed translucent door.
  2706 | D:5      | Found a large runed translucent door.
  2746 | D:5      | Found a snail-covered altar of Cheibriados.
  2760 | D:5      | Found a shadowy altar of Dithmenos.
  2855 | D:5      | Noticed Dowan
  2859 | D:5      | Noticed Duvessa
  2897 | D:5      | Killed Dowan
  2921 | D:5      | Reached XP level 7. HP: 60/70 MP: 6/6
  2983 | D:5      | Slain by Duvessa

Illustrated notes

Levels and vault maps discovered:
D:1:      onia_arrival_pyramid, layout_loops_ring,
          shapermc_ecumenical_altar_mp_highgroup
D:2:      layout_loops_ring, minmay_tromino_i4
D:3:      layout_basic, nzn_wu_jian_contemplation
D:4:      kennysheep_slugbush, layout_basic, mainiacjoe_overflow_boulevard,
          okawaru_ov_weapons_minmay
D:5:      layout_loops_cross, jmf_multi_god_temple2,
          minmay_temple_entry_statues_pillars, cheibrodos_gnoll_hut,
          uniq_duvessa

Skill      XL: |  1  2  3  4  5  6 |
---------------+-------------------+-----
Shields        | 3 4 |  4.3
Fighting       | 3 4 |  4.0
Dodging        | 3 |  3.9
Unarmed Combat | 3 4 |  4.1

Action                   |  1- 3 |  4- 6 |  7- 9 || total
-------------------------+-------+-------+-------++-------
Melee: Unarmed           |   117 |   143 |    12 ||   272
Throw: Dart              |       |     2 |       ||     2
Evoke: Wand              |       |     3 |     1 ||     4
  Use: Scroll            |     4 |    10 |       ||    14
       Potion            |       |     5 |     5 ||    10
 Stab: Sleeping          |     1 |     1 |       ||     2
Armor: Robe              |    52 |    38 |     5 ||    95
Dodge: Dodged            |    60 |    50 |    11 ||   121
Block: Kite shield       |    62 |    57 |    21 ||   140
